[ AOE2 MATCH · #507084972 ]
UnrankedAztecs vs Maya
Player's team · LOSS
Rival team · WIN
[ REPLAY ANALYSIS · EXTRACTED FROM THE RECORDED GAME ]
Feudal
—
Castle
—
Imperial
—
| APM avg | 27.5 |
| APM peak | 60 |
| eAPM avg | 12.1 |
| Villagers / military | 50 / 18 |
Focus
⚔️ 25.2% · 🌾 74.8%
Eagle Scout ×11 · Militia ×3 · Archer ×2 · Spearman ×2
Feudal
—
Castle
—
Imperial
—
| APM avg | 50.6 |
| APM peak | 77 |
| eAPM avg | 26.4 |
| Villagers / military | 63 / 51 |
Focus
⚔️ 45.0% · 🌾 55.0%
Archer ×51
Match map
Initial resources + every placement click. Lines = walls · curves = elevation contours. ◆ gold · ⬟ stone · ● berries · ✦ relic · ◌ wall gap
Your base· ✓ Closed at 21:57 · 47t walls · 1 gate(s)
MLP3666's base· ✓ Closed at 20:58 · 39t walls · no gate
Smoothed initial terrain · ◌ = detected wall gap · hover for details
Inputs per minute
— vN eRaaz - - MLP3666
Build order — vN eRaaz
134 actions detected in the replay
| 0:02 | Queue | Villager (Male) |
| 0:02 | Queue | Villager (Male) |
| 0:02 | Queue | Villager (Male) |
| 0:02 | Queue | Villager (Male) |
| 0:02 | Queue | Villager (Male) |
| 0:05 | Build | House |
| 0:07 | Build | House |
| 1:32 | Queue | Villager (Male) |
| 1:32 | Queue | Villager (Male) |
| 1:43 | Queue | Villager (Male) |
| 1:44 | Queue | Villager (Male) |
| 2:19 | Build | Lumber Camp |
| 2:29 | Queue | Villager (Male) |
| 2:29 | Queue | Villager (Male) |
| 2:39 | Build | House |
| 2:55 | Queue | Villager (Male) |
| 2:55 | Queue | Villager (Male) |
| 2:55 | Queue | Villager (Male) |
| 3:13 | Queue | Villager (Male) |
| 3:14 | Queue | Villager (Male) |
| 4:14 | Queue | Villager (Male) |
| 4:14 | Queue | Villager (Male) |
| 4:55 | Queue | Villager (Male) |
| 4:55 | Queue | Villager (Male) |
| 5:19 | Queue | Villager (Male) |
| 5:19 | Queue | Villager (Male) |
| 6:00 | Build | Mill |
| 6:12 | Queue | Villager (Male) |
| 6:13 | Research | Loom |
| 7:26 | Research | Feudal Age |
| 7:26 | Research | Feudal Age |
| 7:35 | Build | Barracks |
| 7:44 | Build | House |
| 7:52 | Queue | Villager (Male) |
| 8:29 | Build | House |
| 8:59 | Queue | Militia |
| 9:00 | Queue | Militia |
| 9:00 | Queue | Militia |
| 9:42 | Research | Man-at-Arms (upgrade) |
| 9:59 | Build | Archery Range |
| 10:29 | Queue | Villager (Male) |
| 10:48 | Build | Farm |
| 10:48 | Build | Farm |
| 10:48 | Build | Farm |
| 10:48 | Build | Farm |
| 10:55 | Queue | Villager (Male) |
| 10:59 | Queue | Archer |
| 10:59 | Queue | Archer |
| 11:06 | Build | House |
| 11:30 | Build | Farm |
| 11:34 | Queue | Villager (Male) |
| 11:34 | Queue | Villager (Male) |
| 11:43 | Queue | Villager (Male) |
| 11:47 | Build | House |
| 11:55 | Build | Palisade Wall |
| 12:33 | Queue | Spearman |
| 12:35 | Queue | Eagle Scout |
| 12:35 | Queue | Eagle Scout |
| 12:40 | Queue | Villager (Male) |
| 12:43 | Queue | Villager (Male) |
| 13:08 | Queue | Villager (Male) |
| 13:16 | Build | House |
| 13:20 | Build | Palisade Wall |
| 13:23 | Queue | Villager (Male) |
| 13:26 | Queue | Spearman |
| 13:33 | Research | Double-Bit Axe |
| 13:50 | Build | Blacksmith |
| 14:06 | Queue | Villager (Male) |
| 14:32 | Build | Lumber Camp |
| 14:34 | Queue | Villager (Male) |
| 14:44 | Build | Palisade Wall |
| 14:48 | Research | Scale Mail Armor |
| 14:50 | Queue | Villager (Male) |
| 14:57 | Build | Farm |
| 14:57 | Build | Farm |
| 14:57 | Build | Farm |
| 15:17 | Queue | Villager (Male) |
| 15:40 | Queue | Villager (Male) |
| 15:56 | Build | House |
| 15:57 | Build | House |
| 16:02 | Build | House |
| 16:05 | Build | House |
| 16:12 | Build | House |
| 16:15 | Build | House |
| 16:24 | Build | Mining Camp |
| 16:42 | Queue | Villager (Male) |
| 16:42 | Queue | Villager (Male) |
| 16:54 | Build | Farm |
| 16:54 | Build | Farm |
| 16:55 | Build | Farm |
| 16:55 | Build | Farm |
| 16:55 | Build | Farm |
| 16:55 | Build | Farm |
| 17:09 | Queue | Eagle Scout |
| 17:09 | Queue | Eagle Scout |
| 17:34 | Build | House |
| 18:02 | Queue | Villager (Male) |
| 18:02 | Queue | Villager (Male) |
| 18:10 | Build | Farm |
| 18:10 | Build | Farm |
| 18:10 | Build | Farm |
| 18:11 | Build | Farm |
| 18:11 | Build | Farm |
| 18:37 | Queue | Villager (Male) |
| 18:37 | Queue | Villager (Male) |
| 18:38 | Queue | Villager (Male) |
| 19:07 | Build | Palisade Wall |
| 19:18 | Build | Palisade Wall |
| 19:28 | Build | House |
| 19:41 | Build | Palisade Wall |
| 19:43 | Queue | Villager (Male) |
| 19:50 | Queue | Villager (Male) |
| 19:59 | Build | House |
| 20:05 | Queue | Villager (Male) |
| 20:09 | Research | Horse Collar |
| 20:16 | Build | Farm |
| 20:16 | Build | Farm |
| 20:43 | Build | Market |
| 20:47 | Queue | Villager (Male) |
| 21:07 | Build | Palisade Gate |
| 21:57 | Research | Castle Age |
| 22:06 | Build | Lumber Camp |
| 22:50 | Build | Barracks |
| 22:59 | Queue | Eagle Scout |
| 22:59 | Queue | Eagle Scout |
| 23:08 | Research | Forging |
| 23:16 | Build | Farm |
| 23:37 | Research | Wheelbarrow |
| 24:07 | Build | Barracks |
| 24:31 | Build | Watch Tower |
| 24:45 | Research | Eagle Warrior (upgrade) |
| 24:46 | Queue | Eagle Scout ×5 |
| 25:07 | Research | Gambesons |
| 25:40 | Queue | Villager (Male) |
Build order — MLP3666
First 150 of 184 actions detected
| 0:01 | Queue | Villager (Male) |
| 0:04 | Research | Loom |
| 0:05 | Build | House |
| 0:07 | Build | House |
| 0:11 | Queue | Villager (Male) |
| 0:40 | Queue | Villager (Male) |
| 1:00 | Queue | Villager (Male) |
| 1:33 | Queue | Villager (Male) |
| 1:33 | Queue | Villager (Male) |
| 2:10 | Queue | Villager (Male) |
| 2:10 | Queue | Villager (Male) |
| 2:34 | Build | Lumber Camp |
| 2:59 | Queue | Villager (Male) |
| 3:26 | Queue | Villager (Male) |
| 3:26 | Queue | Villager (Male) |
| 3:34 | Build | House |
| 3:51 | Queue | Villager (Male) |
| 4:10 | Queue | Villager (Male) |
| 4:42 | Queue | Villager (Male) |
| 4:57 | Queue | Villager (Male) |
| 4:57 | Queue | Villager (Male) |
| 5:21 | Queue | Villager (Male) |
| 5:31 | Queue | Villager (Male) |
| 5:43 | Build | Mill |
| 6:56 | Research | Feudal Age |
| 7:25 | Build | Mining Camp |
| 8:14 | Build | Barracks |
| 8:15 | Build | Palisade Wall |
| 9:12 | Queue | Villager (Male) |
| 9:14 | Build | Archery Range |
| 9:42 | Queue | Villager (Male) |
| 10:00 | Build | House |
| 10:06 | Build | Palisade Wall |
| 10:12 | Research | Town Watch |
| 10:13 | Research | Double-Bit Axe |
| 10:15 | Research | Horse Collar |
| 10:17 | Queue | Archer |
| 10:21 | Build | House |
| 10:22 | Queue | Villager (Male) |
| 10:35 | Queue | Villager (Male) |
| 10:37 | Queue | Archer |
| 10:53 | Build | Palisade Wall |
| 10:55 | Build | Palisade Wall |
| 10:57 | Queue | Villager (Male) |
| 11:08 | Queue | Archer |
| 11:13 | Build | House |
| 11:25 | Queue | Villager (Male) |
| 11:41 | Queue | Villager (Male) |
| 11:51 | Build | Blacksmith |
| 11:54 | Queue | Villager (Male) |
| 11:54 | Queue | Villager (Male) |
| 12:01 | Queue | Villager (Male) |
| 12:02 | Build | House |
| 12:22 | Queue | Archer |
| 12:32 | Queue | Villager (Male) |
| 12:42 | Queue | Archer |
| 13:07 | Build | House |
| 13:14 | Build | Palisade Wall |
| 13:15 | Queue | Villager (Male) |
| 13:16 | Queue | Villager (Male) |
| 13:21 | Queue | Archer |
| 13:30 | Research | Padded Archer Armor |
| 13:34 | Build | Archery Range |
| 13:38 | Queue | Villager (Male) |
| 13:39 | Queue | Villager (Male) |
| 13:50 | Build | Farm |
| 13:52 | Build | Farm |
| 13:59 | Queue | Archer |
| 14:02 | Queue | Villager (Male) |
| 14:02 | Queue | Villager (Male) |
| 14:08 | Build | House |
| 14:20 | Queue | Archer |
| 14:23 | Build | Palisade Wall |
| 14:27 | Build | Palisade Wall |
| 14:42 | Research | Fletching |
| 14:46 | Queue | Villager (Male) |
| 14:48 | Build | Farm |
| 14:50 | Build | Farm |
| 14:58 | Build | House |
| 15:02 | Build | Palisade Wall |
| 15:10 | Queue | Villager (Male) |
| 15:14 | Build | House |
| 15:17 | Build | Farm |
| 15:22 | Queue | Archer |
| 15:34 | Queue | Villager (Male) |
| 15:34 | Queue | Archer |
| 15:36 | Build | Farm |
| 15:38 | Build | Farm |
| 15:40 | Build | Farm |
| 15:41 | Queue | Villager (Male) |
| 16:05 | Build | House |
| 16:12 | Build | Farm |
| 16:12 | Build | Farm |
| 16:13 | Build | Farm |
| 16:19 | Queue | Archer |
| 16:19 | Queue | Archer |
| 16:37 | Queue | Villager (Male) |
| 16:38 | Queue | Archer |
| 16:46 | Queue | Archer |
| 16:58 | Queue | Villager (Male) |
| 17:00 | Queue | Villager (Male) |
| 17:03 | Build | Farm |
| 17:06 | Queue | Villager (Male) |
| 17:07 | Queue | Archer |
| 17:09 | Build | Farm |
| 17:32 | Queue | Villager (Male) |
| 17:32 | Queue | Archer |
| 17:35 | Queue | Villager (Male) |
| 17:36 | Queue | Villager (Male) |
| 17:39 | Build | Farm |
| 17:41 | Build | Farm |
| 17:43 | Queue | Villager (Male) |
| 17:55 | Queue | Archer |
| 18:19 | Queue | Archer |
| 18:38 | Queue | Archer |
| 18:39 | Queue | Archer |
| 18:54 | Queue | Villager (Male) |
| 18:54 | Queue | Archer |
| 19:19 | Queue | Archer |
| 19:45 | Queue | Villager (Male) |
| 19:56 | Build | Farm |
| 19:57 | Build | Farm |
| 19:58 | Build | Farm |
| 19:59 | Build | Farm |
| 20:08 | Build | Lumber Camp |
| 20:14 | Build | Farm |
| 20:18 | Build | Farm |
| 20:21 | Build | Lumber Camp |
| 20:27 | Queue | Villager (Male) |
| 20:31 | Build | House |
| 20:34 | Queue | Archer |
| 20:42 | Build | Farm |
| 20:58 | Research | Castle Age |
| 21:00 | Queue | Archer |
| 21:00 | Queue | Archer |
| 21:06 | Queue | Villager (Male) |
| 21:07 | Queue | Villager (Male) |
| 21:09 | Build | House |
| 21:13 | Build | House |
| 21:14 | Build | House |
| 21:21 | Queue | Villager (Male) |
| 21:24 | Queue | Archer |
| 21:24 | Queue | Archer |
| 21:53 | Build | Archery Range |
| 21:56 | Build | Archery Range |
| 22:00 | Build | House |
| 22:01 | Build | House |
| 22:06 | Queue | Villager (Male) |
| 22:06 | Queue | Villager (Male) |
| 22:07 | Queue | Archer |
Match timeline
| 7:35 | vN eRaaz · first_building Barracks |
| 8:14 | MLP3666 · first_building Barracks |
| 8:15 | MLP3666 · wall_segment Palisade Wall x1 |
| 9:14 | MLP3666 · first_building Archery Range |
| 9:59 | vN eRaaz · first_building Archery Range |
| 10:06 | MLP3666 · wall_segment Palisade Wall x1 |
| 10:53 | MLP3666 · wall_segment Palisade Wall x3 |
| 10:55 | MLP3666 · wall_segment Palisade Wall x4 |
| 11:55 | vN eRaaz · wall_segment Palisade Wall x5 |
| 13:14 | MLP3666 · wall_segment Palisade Wall x13 |
| 13:20 | vN eRaaz · wall_segment Palisade Wall x8 |
| 14:23 | MLP3666 · wall_segment Palisade Wall x9 |
| 14:27 | MLP3666 · wall_segment Palisade Wall x1 |
| 14:44 | vN eRaaz · wall_segment Palisade Wall x8 |
| 15:02 | MLP3666 · wall_segment Palisade Wall x7 |
| 19:07 | vN eRaaz · wall_segment Palisade Wall x12 |
| 19:18 | vN eRaaz · wall_segment Palisade Wall x8 |
| 19:41 | vN eRaaz · wall_segment Palisade Wall x6 |
| 26:29 | vN eRaaz · resign |
[ AI ANALYSIS · 1 CREDIT ]
What really happened in this match?
Wolo.gg analyzes every decision: build order, eco, micro, common mistakes by bracket. Personalized analysis on WhatsApp or Discord in 30 seconds.
Civ guide
Aztecs
Perfil
Jugador #14065945